 Dungeon Crawl Stone Soup version 0.31.0-4-g52a2dc7128 (webtiles) character file.

Game seed: 10419322689272424670

6699 SmokeWeed the Thaumaturge (level 10, -13/54 HPs)
             Began as a Deep Elf Conjurer on Jan 23, 2024.
             Killed from afar by a gargoyle (15 damage)
             ... with a stone arrow
             ... on level 10 of the Dungeon.
             The game lasted 00:55:59 (10733 turns).

SmokeWeed the Thaumaturge (Deep Elf Conjurer)      Turns: 10733, Time: 00:56:02

Health: -13/54     AC: 20    Str:  8    XL:     10   Next: 74%
Magic:  28/36      EV:  9    Int: 30    God:
Gold:   366        SH:  0    Dex: 13    Spells: 18/31 levels left

rFire   . . .        K - +5 rapier (flame)
rCold   . . .        (no shield)
rNeg    + . .        L - +5 scale mail "Elef" {+Blink rN+}
rPois   .            (no helmet)
rElec   .            r - +0 cloak
rCorr   .            e - +2 pair of gloves
SInv    .            x - +2 pair of boots
Will    +....        (no amulet)
Stlth   ++           v - +6 ring of intelligence
HPRegen 0.29/turn    u - ring of magical power
MPRegen 0.25/turn

%: no passive effects
@: brilliant
A: no striking features
a: Evoke Blink


You were on level 10 of the Dungeon.
You visited 2 branches of the dungeon, and saw 11 of its levels.

You collected 366 gold pieces.

Inventory:

Hand Weapons
 g - a +2 dagger of electrocution
 l - a +4 sling
 y - a +1 whip of flaming
 A - a +3 falchion
 B - a +5 flail of freezing
 C - the +8 flail "Piefiyma" {heavy, rPois}
   (You found it on level 7 of the Dungeon)

   rPois:     It protects you from poison
 H - a +2 scimitar of flaming
 J - a +3 spear
 K - a +5 rapier of flaming (weapon)
Missiles
 c - 2 curare-tipped darts
 h - 15 poisoned darts
 m - a throwing net
 q - 4 boomerangs
Armour
 e - a +2 pair of gloves (worn)
 o - a +2 robe of cold resistance
 r - a +0 cloak (worn)
 x - a +2 pair of boots (worn)
 z - a +1 robe of fire resistance
 F - the +5 robe of Night {Dark Will+ SInv}
   (You found it on level 7 of the Dungeon)

   Dark:      It shrouds the wearer in darkness, reducing the range at which
   they can see and be seen by others.
   Will+:     It increases your willpower.
   SInv:      It lets you see invisible.
 L - the +5 scale mail "Elef" (worn) {+Blink rN+}
   (You found it on level 8 of the Dungeon)

   rN+:       It protects you from negative energy.
   +Blink:    It lets you blink.
Magical Staves
 s - a staff of fire
Jewellery
 a - a ring of willpower
 f - a ring of protection from fire
 u - a ring of magical power (right hand)
 v - a +6 ring of intelligence (left hand)
 E - a ring of protection from cold
 G - a +6 ring of strength
Wands
 w - a wand of digging (7)
 I - a wand of charming (6)
 O - a wand of polymorph (5)
Scrolls
 j - a scroll of teleportation
 D - a scroll of fear
 N - a scroll of immolation
 P - a scroll of poison
Potions
 b - 3 potions of magic
 d - 4 potions of curing
 i - a potion of heal wounds
 n - a potion of degeneration
 p - 3 potions of berserk rage
 t - a potion of lignification
 M - 2 potions of resistance


   Skills:
 - Level 2.7 Fighting
 - Level 2.5 Short Blades
 - Level 0.5 Maces & Flails
 - Level 1.1 Ranged Weapons
 + Level 5.1 Armour
 - Level 6.7 Dodging
 - Level 6.9 Stealth
 - Level 11.2 Spellcasting
 - Level 8.5 Conjurations
 - Level 4.3 Translocations
 - Level 2.4 Fire Magic
 - Level 2.5 Earth Magic
 - Level 2.4 Alchemy
 - Level 1.5 Evocations


You had 18 spell levels left.
You knew the following spells:

 Your Spells              Type           Power      Damage    Failure   Level
a - Magic Dart            Conj           100%       1d8       1%          1
b - Searing Ray           Conj           100%       2d8       1%          2
c - Teleport Other        Tloc           59%        N/A       12%         3
d - Gell's Gravitas       Tloc           59%        N/A       12%         3
e - Petrify               Alch/Erth      48%        N/A       65%         4

Your spell library contained the following spells:

 Spells                   Type           Power      Damage    Failure   Level
 Lesser Beckoning         Tloc           100%       N/A       6%          2
 Iskenderun's Mystic Bla  Conj/Tloc      70%        2d14      17%         4
 Fulminant Prism          Conj/Alch      33%        3d15      26%         4
 Sublimation of Blood     Necr           25%        N/A       36%         2
 Irradiate                Conj/Alch      33%        3d22      56%         5
 Frozen Ramparts          Ice            50%        1d8       58%         3
 Ozocubu's Armour         Ice            25%        N/A       58%         3
 Fireball                 Conj/Fire      33%        3d14      58%         5
 Leda's Liquefaction      Alch/Erth      24%        N/A       65%         4
 Cause Fear               Hex            12%        N/A       94%         4
 Dispersal                Tloc           29%        N/A       99%         6
 Metabolic Englaciation   Hex/Ice        12%        N/A       100%        5
 Sculpt Simulacrum        Ice/Alch       18%        N/A       100%        6
 Dragon's Call            Summ           12%        N/A       100%        9


Dungeon Overview and Level Annotations

Branches:
Dungeon (10/15)            Temple (1/1) D:6            Lair (0/5) D:9
    Orc (0/2) D:10

Altars:
Ashenzari
Cheibriados
Dithmenos
Elyvilon
Fedhas
Gozag
Hepliaklqana
Kikubaaqudgha
Makhleb
Nemelex Xobeh
Okawaru
Qazlal
Ru
Sif Muna
Trog
Uskayaw
Vehumet
Wu Jian
Xom
Yredelemnul
Zin
The Shining One

Shops:
D:4 *

Annotations:
D:5 2 transporters
D:8 2 transporters, SnakkuSnakku7's ghost, novice MfEE
D:10 Maggie


Message History

You feel strangely unstable.
The gargoyle hurls a stone arrow at you.
The stone arrow hits you but does no damage.
Maggie gestures wildly while chanting.
Maggie attempts to bespell you!
You easily resist.
Aiming: Searing Ray (safe; 1% risk of failure)
Press: ? - help, Q - select action, (/) - cycle Shift-Dir - straight line, f/p - Maggie
Aim: Maggie, wielding a +4 glaive of protection and wearing +0 steam dragon scales (severely wounded, 83% to hit)
The searing ray misses Maggie. (Press . to maintain the ray.) Maggie hits you with a +4 glaive of protection!
The searing ray hits Maggie.
Maggie is severely wounded.
Your surroundings suddenly seem different.
Found 12 gold pieces.
Aiming: Searing Ray (safe; 1% risk of failure)
Press: ? - help, Q - select action, (/) - cycle Shift-Dir - straight line, f - gargoyle
Aim: a gargoyle, wielding a +0 mace (92% to hit)
The searing ray hits the gargoyle.
The gargoyle is lightly damaged. (Press . to maintain the ray.)
The searing ray hits the gargoyle but does no damage.
The gargoyle is lightly damaged.
The gargoyle hurls a stone arrow at you.
The stone arrow hits you!
The searing ray hits the gargoyle but does no damage.
The gargoyle is lightly damaged.
You feel clever all of a sudden.
The gargoyle hurls a stone arrow at you.
The stone arrow hits you!!
* * * LOW HITPOINT WARNING * * *
Casting: Searing Ray (safe; 1% risk of failure)
Confirm with . or Enter, or press ? or * to list all spells.
Aiming: Teleport Other (dangerous; 12% risk of failure)
Press: ? - help, Shift-Dir - straight line, f/p - gargoyle
Aim: a gargoyle, wielding a +0 mace (lightly damaged, chance to affect: 70%)
You feel a surge of power!
The gargoyle looks slightly unstable.
The gargoyle hurls a stone arrow at you.
The stone arrow hits you!
You die...

###......###...........#
#......................#
#......................#
#...........####+#####.#
#...........#......$.#.#
#####.......#........#.#
#.......#........'..
########.....#+#........#.
.............#..@.......#
.............#..........#
.............#9.........#
.............'......#####
............>#......#
.............#......#
.............########...
.................9......
###########.....@......


You could see a gargoyle (teleporting).

Vanquished Creatures
  Erica (D:8)
  Pikel (D:7)
  2 trolls
  2 dream sheep (D:7)
  2 shadows (D:7)
  2 wyverns
  4 yaks (D:10)
  A steam dragon (D:7)
  A water moccasin (D:5)
  2 orc warriors
  An ice beast (D:6)
  4 sky beasts
  2 black bears
  An ogre (D:6)
  4 lemures (D:7)
  A centaur (D:9)
  A phantom (D:4)
  3 kobold brigands
  Blork the orc (D:4)
  2 bullfrogs
  2 scorpions
  13 wights
  A bombardier beetle (D:4)
  6 howler monkeys
  7 orc priests
  6 hounds
  Crazy Yiuf (D:3)
  Jessica (D:3)
  2 iguanas
  4 orc wizards
  Natasha (thrice) (D:3)
  Robin (D:2)
  10 gnolls
  6 adders
  2 river rats (D:3)
  A white imp (D:6)
  2 dart slugs (D:1)
  26 orcs
  4 endoplasms
  2 giant cockroaches
  17 goblins
  12 hobgoblins
  2 jackals (D:1)
  3 quokkas
  4 ball pythons
  3 bats
  6 frilled lizards
  17 kobolds
  7 rats
209 creatures vanquished.

Notes
Turn   | Place    | Note
-------+----------+-------------------------------------------
     0 | D:1      | SmokeWeed the Deep Elf Conjurer began the quest for the
                  | Orb.
     0 | D:1      | Reached XP level 1. HP: 10/10 MP: 6/6
   403 | D:1      | Reached XP level 2. HP: 12/15 MP: 2/8
   426 | D:1      | Learned a level 2 spell: Searing Ray
   530 | D:1      | Reached skill level 5 in Conjurations
  1117 | D:2      | Reached XP level 3. HP: 19/19 MP: 9/9
  1317 | D:2      | Noticed Robin
  1347 | D:2      | Killed Robin
  1351 | D:2      | Reached XP level 4. HP: 5/24 MP: 1/11
  1412 | D:2      | Reached skill level 4 in Spellcasting
  1878 | D:2      | Learned a level 3 spell: Teleport Other
  2240 | D:3      | Noticed Jessica
  2245 | D:3      | Killed Jessica
  2246 | D:3      | Reached skill level 5 in Spellcasting
  2246 | D:3      | Reached XP level 5. HP: 28/28 MP: 9/14
  2501 | D:3      | Noticed Natasha
  2509 | D:3      | Killed Natasha
  2510 | D:3      | Reached skill level 1 in Fighting
  2797 | D:3      | Reached skill level 1 in Translocations
  2863 | D:3      | Found a runed translucent door.
  2864 | D:3      | Noticed Crazy Yiuf
  2873 | D:3      | Killed Crazy Yiuf
  2874 | D:3      | Reached XP level 6. HP: 31/34 MP: 11/16
  2928 | D:3      | Noticed Natasha
  2943 | D:3      | Killed Natasha
  3148 | D:3      | Learned a level 3 spell: Gell's Gravitas
  3176 | D:3      | Noticed Natasha
  3182 | D:3      | Killed Natasha
  3735 | D:4      | Reached XP level 7. HP: 38/38 MP: 10/17
  3924 | D:4      | Noticed Blork the orc
  3935 | D:4      | Killed Blork the orc
  4166 | D:4      | Found Sauras's General Store.
  4328 | D:5      | Entered Level 5 of the Dungeon
  4523 | D:5      | Found an ancient bone altar of Kikubaaqudgha.
  4550 | D:5      | Reached skill level 5 in Stealth
  4550 | D:5      | Reached skill level 6 in Spellcasting
  4711 | D:5      | Found an opulent altar of Gozag.
  4970 | D:5      | Found a transporter.
  5064 | D:5      | Found a transporter.
  5068 | D:5      | Noticed a fire bat
  5269 | D:6      | Reached XP level 8. HP: 43/43 MP: 20/20
  5338 | D:6      | Reached skill level 7 in Spellcasting
  5531 | D:6      | Identified the +0 mace of Impermanence {heavy, rC+}
  5825 | D:6      | Found a staircase to the Ecumenical Temple.
  5840 | Temple   | Entered the Ecumenical Temple
  5976 | Temple   | Learned a level 4 spell: Petrify
  6490 | D:7      | Noticed Pikel
  6512 | D:7      | Reached skill level 1 in Short Blades
  6512 | D:7      | Reached skill level 5 in Dodging
  6530 | D:7      | Killed Pikel
  6531 | D:7      | Reached skill level 8 in Spellcasting
  6531 | D:7      | Reached skill level 1 in Fire Magic
  6531 | D:7      | Reached skill level 1 in Earth Magic
  6531 | D:7      | Reached skill level 1 in Alchemy
  6751 | D:7      | Reached XP level 9. HP: 26/46 MP: 14/23
  6943 | D:7      | Identified the +8 flail "Piefiyma" {heavy, rPois}
  6967 | D:7      | Reached skill level 1 in Ranged Weapons
  7273 | D:7      | Reached skill level 9 in Spellcasting
  7747 | D:7      | Found the +5 robe of Night {Dark Will+ SInv}
  7755 | D:7      | Reached skill level 10 in Spellcasting
  8456 | D:8      | Noticed Erica
  8465 | D:8      | Killed Erica
  8466 | D:8      | Reached XP level 10. HP: 25/54 MP: 22/26
  8977 | D:8      | Reached skill level 11 in Spellcasting
  9142 | D:8      | Reached skill level 1 in Evocations
  9251 | D:8      | Found a transporter.
  9252 | D:8      | Found a transporter.
  9252 | D:8      | Noticed SnakkuSnakku7's ghost (novice MfEE)
  9387 | D:8      | Identified the +5 scale mail "Elef" {+Blink rN+}
  9690 | D:9      | Reached skill level 1 in Armour
 10070 | D:9      | Found a staircase to the Lair.
 10135 | D:10     | Entered Level 10 of the Dungeon
 10355 | D:10     | Found a staircase to the Orcish Mines.
 10512 | D:10     | Reached skill level 5 in Armour
 10708 | D:10     | Noticed Maggie
 10712 | D:10     | Noticed a gargoyle
 10732 | D:10     | HP: 1/54 [gargoyle/stone arrow (22)]
 10733 | D:10     | Killed from afar by a gargoyle

Illustrated notes

Levels and vault maps discovered:
D:1:      scummos_arrival_hexagon, layout_loops_corners, minmay_misc_feat_cross
D:2:      layout_basic, minmay_curled_crystal, kennysheep_minor_cross,
          minmay_stone_trees_medium, minivault_26, minmay_misc_feat_rugged,
          kennysheep_generic_room_14, uniq_robin
D:3:      layout_basic, gup_sewer_entry_bubbles, grunt_decor_one_mirror,
          eino_tiny_chamber, minmay_crystal_room, uniq_crazy_yiuf_cottage,
          uniq_natasha, uniq_jessica
D:4:      layout_loops_cross, serial_shops, shop,
          nicolae_elevator_lobby_asterisk, uniq_blork_the_orc
D:5:      gammafunk_cloud_chamber, layout_basic,
          mainiacjoe_overflow_catch_the_wave,
          serial_library_hellmonk_reading_circle
D:6:      layout_rooms, minmay_temple_entry_nine_rooms
D:7:      layout_layer_cave, hellmonk_guarded_unrand_night, uniq_pikel
D:8:      layout_basic, gammafunk_ghost_smash, chequers_garden, uniq_erica
D:9:      layout_loops_corners, erik_lair_island
D:10:     layout_irregular_city, hiddenorc1_lemuel, uniq_maggie
Temple:   nicolae_temple_slightly_damp_pantheon

Skill      XL: |  1  2  3  4  5  6  7  8  9 10 |
---------------+-------------------------------+-----
Conjurations   | 5 6 7 8 |  8.5
Stealth        | 3 4 5 6 |  6.9
Spellcasting   | 5 6 8 10 11 | 11.2
Dodging        | 3 4 5 6 |  6.7
Fighting       | 1 2 |  2.7
Translocations | 1 4 |  4.3
Short Blades   | 1 2 |  2.5
Fire Magic     | 2 |  2.4
Earth Magic    | 2 |  2.5
Alchemy        | 2 |  2.4
Ranged Weapons | 1 |  1.1
Evocations     | 1 |  1.5
Armour         | 5 |  5.1
Maces & Flails | |  0.5

Action                     |  1- 3 |  4- 6 |  7- 9 | 10-12 || total
---------------------------+-------+-------+-------+-------++-------
  Melee: Short sword       |    10 |       |       |       ||    10
         Dagger            |    46 |    41 |    57 |       ||   144
         Flail             |       |       |     5 |       ||     5
         Staff             |       |       |     2 |       ||     2
         Rapier            |       |       |       |    20 ||    20
   Cast: Magic Dart        |    22 |    52 |    84 |     2 ||   160
         Searing Ray       |     2 |    18 |    51 |    45 ||   116
         Gell's Gravitas   |       |       |     1 |     2 ||     3
         Petrify           |       |       |     1 |       ||     1
         Teleport Other    |       |       |       |     1 ||     1
    Use: Scroll            |     1 |     8 |     5 |     2 ||    16
         Potion            |       |       |     1 |     1 ||     2
   Stab: Sleeping          |     4 |     7 |       |     4 ||    15
 Armour: Robe              |    33 |    32 |    79 |    21 ||   165
         Scale mail        |       |       |       |    48 ||    48
  Dodge: Dodged            |    44 |    40 |    91 |    43 ||   218
